 Dungeon Crawl Stone Soup version 0.28-a0-425-gd0eccab798 (webtiles) character file.

Game seed: 6049241067254383524

39 robertstho the Skirmisher (level 3, 0/51 HPs)
             Began as a Minotaur Berserker on Sept 9, 2021.
             Was a Follower of Trog.
             Succumbed to a kobold's poison
             ... on level 2 of the Dungeon.
             The game lasted 00:01:02 (861 turns).

robertstho the Skirmisher (Minotaur Berserker)       Turns: 861, Time: 00:01:03

Health: 0/51       AC:  5    Str: 21    XL:     3   Next: 28%
Magic:  2/2        EV: 11    Int:  5    God:    Trog [*.....]
Gold:   11         SH:  0    Dex:  9    Spells: 2/2 levels left

rFire   . . .      SeeInvis .   a - +0 hand axe
rCold   . . .      Faith    .   (no shield)
rNeg    . . .      Spirit   .   f - +0 ring mail
rPois   .          Reflect  .   (helmet restricted)
rElec   .          Harm     .   (no cloak)
rCorr   .          Rampage  .   (no gloves)
Will    .....                   (no boots)
Stlth   ..........              (no amulet)
HPRegen 0.17/turn               (no ring)
MPRegen 0.08/turn               (no ring)

@: berserking, lethally poisoned (0 -> -18), very quick
A: horns 2, retaliatory headbutt
a: Renounce Religion, Berserk


You were on level 2 of the Dungeon.
You worshipped Trog.
Trog was aware of your devotion.
You visited 1 branch of the dungeon, and saw 2 of its levels.

You collected 50 gold pieces.
You spent 39 gold pieces at shops.

Inventory:

Hand Weapons
 a - a +0 hand axe (weapon)
Armour
 f - a +0 ring mail (worn)
Scrolls
 g - a scroll of enchant armour {unknown}
Potions
 b - a potion of attraction {unknown}
 c - a potion of curing
 d - a potion of heal wounds
 e - a potion of haste {unknown}


   Skills:
 * Level 4.5 Fighting
 + Level 4.1 Axes
 * Level 2.9 Armour
 + Level 2.4 Dodging


You had 2 spell levels left.
You didn't know any spells.
Your spell library was empty.

Dungeon Overview and Level Annotations

Branches:
Dungeon (2/15)

Altars:

Shops:
D:1 *


Innate Abilities, Weirdness & Mutations

You have a pair of horns on your head.
You reflexively headbutt those who attack you in melee.


Message History

Trog accepts your kill.
You closely miss the kobold.
The kobold hits you with a +2 short sword of venom.
You are poisoned.
You closely miss the kobold.
You feel very sick. The kobold hits you but does no damage.
You are more poisoned.
You barely miss the kobold.
You feel very sick. The kobold barely misses you.
You barely miss the kobold. Your headbutt misses the kobold.
You feel very sick.
The kobold hits you with a +2 short sword of venom.
You are lethally poisoned!
You are too injured to fight recklessly!
You are too injured to fight recklessly!
You are too injured to fight recklessly!
You are too injured to fight recklessly!
You are too injured to fight recklessly!
You are too injured to fight recklessly!
Unknown command.
You are too injured to fight recklessly!
A red film seems to cover your vision as you go berserk!
You feel yourself moving faster!
You feel mighty!
* * * LOW HITPOINT WARNING * * *
You feel very sick. The kobold hits you but does no damage.
You are more poisoned.
You closely miss the kobold.
* * * LOW HITPOINT WARNING * * *
You feel very sick. The kobold barely misses you.
You miss the kobold.
* * * LOW HITPOINT WARNING * * *
You feel very sick. The kobold hits you but does no damage.
Your ring mail prevents you from hitting the kobold.
Your headbutt misses the kobold.
You die...

#.## ##.##
##.......###.##..###
##.###.## ##.....##
#........ ##.#..# ##...##
#####.### ##.#.#
##'##########.# ###.#
#.#.......##.# #.# ######
#.#.#####<##.# ...
#.....##.#.#####.##.#
#.#.#...................#
#.........@K...#####.####
###.#.....#....# #.#
#.....##.#.# #.# ######
#.#... ..# #.##### ###
#.# .#


You could see a kobold.

Vanquished Creatures
  2 adders (D:2)
  An adder skeleton (D:2)
  2 dart slugs (D:1)
  4 endoplasms
  A giant cockroach (D:1)
  A hobgoblin (D:2)
  A frilled lizard (D:2)
  2 goblins (D:1)
  A kobold (D:1)
  A rat (D:1)
16 creatures vanquished.

Notes
Turn   | Place    | Note
-------+----------+-------------------------------------------
     0 | D:1      | robertstho the Minotaur Berserker began the quest for the
                  | Orb.
     0 | D:1      | Reached XP level 1. HP: 19/19 MP: 0/0
   219 | D:1      | Reached XP level 2. HP: 27/27 MP: 1/1
   663 | D:1      | Found Ugikosm's General Store.
   666 | D:1      | Bought a potion of curing for 39 gold pieces
   760 | D:2      | Reached XP level 3. HP: 34/34 MP: 2/2
   861 | D:2      | Succumbed to a kobold's poison

Illustrated notes

Levels and vault maps discovered:
D:1:      saegor_arrival_simple_d, layout_loops_ring, serial_shops,
          nicolae_shop_behind_doors
D:2:      layout_loops_corners, kennysheep_small_spiral

Skill      XL: |  1  2 |
---------------+-------+-----
Fighting       | 4 |  4.5
Axes           | 4 |  4.1
Armour         | |  2.9
Dodging        | |  2.4

Action                   || total
-------------------------++-------
Melee: Hand axe          ||    39
       Headbutt          ||     5
Invok: Berserk           ||     1
  Use: Scroll            ||     1
Armor: Animal skin       ||     1
       Ring mail         ||    11
Dodge: Dodged            ||    20

Table legend: (Time is in decaauts)
 A = Elapsed time spent in this place.
 B = Non-inter-level travel time spent in this place.
 C = Inter-level travel time spent in this place.
 D = Time resting spent in this place.
 E = Time spent auto-exploring this place.
 F = Levels seen in this place.
 G = Mean time per level.
                   A        B        C        D        E       F      G
               +--------+--------+--------+--------+--------+-----+--------+
         Total |    864 |    826 |     38 |      0 |    709 |   2 |  432.0 |
       Dungeon |    864 |    826 |     38 |      0 |    709 |   2 |  432.0 |
               +--------+--------+--------+--------+--------+-----+--------+

Top non-repeatable levels by time:
     D:1: 706 daAuts
     D:2: 158 daAuts
